 Dungeon Crawl Stone Soup version 0.22.0-27-ga576289 (webtiles) character file.

13104 shmeve the Fighter (level 11, -2/104 HPs)
             Began as a Minotaur Berserker on Aug 22, 2018.
             Was a High Priest of Trog.
             Shot with an arrow by Nessos (13 damage)
             ... on level 12 of the Dungeon.
             The game lasted 00:29:25 (12428 turns).

shmeve the Fighter (Minotaur Berserker)            Turns: 12428, Time: 00:29:26

Health: -2/104     AC: 16    Str: 29    XL:     11   Next: 71%
Magic:  0/19       EV: 13    Int:  4    God:    Trog [*****.]
Gold:   670        SH:  0    Dex:  9    Spells: 10/10 levels left

rFire    . . .     SeeInvis .   Y - +2 battleaxe (chop)
rCold    . . .     Gourm    .   (shield currently unavailable)
rNeg     . . .     Faith    .   o - +3 scale mail
rPois    .         Spirit   +   V - +1 hat
rElec    .         Reflect  .   y - +0 cloak
rCorr    .         Harm     .   g - +0 pair of gloves
MR       ++...                  w - +0 pair of boots
Stlth    ..........             A - amulet of guardian spirit
HPRegen  1.27/turn              d - +3 ring of strength
MPRegen  0.16/turn              U - ring of magical power

@: regenerating, hasted, very quick
A: retaliatory headbutt, horns 2
a: Berserk, Trog's Hand, Brothers in Arms, Renounce Religion


You were on level 12 of the Dungeon.
You worshipped Trog.
Trog was extremely pleased with you.
You were very hungry.

You visited 1 branch of the dungeon, and saw 12 of its levels.

You collected 670 gold pieces.

Inventory:

Hand Weapons
 G - a +1 hand axe of chopping
 Y - a +2 battleaxe of chopping (weapon)
Missiles
 a - a throwing net
 J - 11 tomahawks
 L - 6 poisoned javelins
 O - 7 tomahawks of returning (quivered)
Armour
 g - a +0 pair of gloves (worn)
 o - a +3 scale mail (worn)
 w - a +0 pair of boots (worn)
 y - a +0 cloak (worn)
 V - a +1 hat (worn)
Jewellery
 d - a +3 ring of strength (left hand)
 v - an uncursed ring of protection from cold
 A - an amulet of guardian spirit (around neck)
 S - an uncursed ring of see invisible
 U - a ring of magical power (right hand)
Wands
 P - a wand of disintegration (11)
Scrolls
 e - 3 scrolls of identify
 i - a scroll of teleportation
 j - 5 scrolls of amnesia
 m - 3 scrolls of magic mapping {unknown}
 q - 2 scrolls of immolation {unknown}
 r - 3 scrolls of fear {unknown}
 t - 3 scrolls of remove curse
 z - a scroll of blinking {unknown}
 B - a scroll of noise {unknown}
 C - 2 scrolls of summoning {unknown}
 D - a scroll of holy word {unknown}
 E - 3 scrolls of brand weapon {unknown}
 F - a scroll of acquirement {unknown}
 H - a scroll of enchant armour {unknown}
 I - a scroll of fog {unknown}
 K - 3 scrolls of enchant weapon {unknown}
 N - a scroll of silence {unknown}
 Q - a scroll of torment {unknown}
Potions
 b - 2 potions of heal wounds {unknown}
 f - a potion of mutation {unknown}
 h - 3 potions of degeneration {unknown}
 k - 8 potions of curing
 l - 5 potions of resistance {unknown}
 n - a potion of might {unknown}
 p - a potion of haste
 s - 2 potions of lignification {unknown}
 x - a potion of berserk rage {unknown}
 M - a potion of brilliance {unknown}
 R - a potion of ambrosia {unknown}
 T - a potion of flight {unknown}
 W - a potion of magic {unknown}
Comestibles
 c - 28 rations


   Skills:
 * Level 11.8 Fighting
 * Level 11.8 Axes
 * Level 9.5 Throwing
 + Level 8.4 Armour
 + Level 7.6 Dodging


You had 10 spell levels left.
You didn't know any spells.
Your spell library was empty.

Dungeon Overview and Level Annotations

Branches:
Dungeon (12/15)            Temple (0/1) D:4            Lair (0/6) D:11
    Orc: D:9-12

Altars:
Ashenzari
Dithmenos
Elyvilon
Gozag
Hepliaklqana
Kikubaaqudgha
Makhleb
Okawaru
Qazlal
Trog
Vehumet
Zin

Shops:
D:5 :   D:10 (

Annotations:
D:12 Nessos


Innate Abilities, Weirdness & Mutations

You reflexively headbutt those who attack you in melee.
You have a pair of horns on your head.


Message History

You feel yourself speed up.
You feel sick.
A quokka comes into view.
Nessos stands on his hind legs for a moment.
Nessos shoots an arrow.
The arrow hits you! The arrow burns you.
You are more poisoned.
You feel sick.
Nessos shoots an arrow.
The arrow hits you!!
* * * LOW HITPOINT WARNING * * *
The arrow burns you.
You are more poisoned.
* * * LOW HITPOINT WARNING * * *
You see here an arrow.
* * * LOW HITPOINT WARNING * * *
You feel sick.
Nessos shoots an arrow.
The arrow hits you!
* * * LOW HITPOINT WARNING * * *
The arrow burns you.
You are more poisoned.
* * * LOW HITPOINT WARNING * * *
You see here an arrow.
You feel better.
Nessos shoots an arrow.
The arrow hits you!
You die...

..........(..........# #..P
................####.# #..#
...................#.###..#
...................#.......
...............≈P.≈#......÷
..............♣≈≈.≈≈......[
...P≈........≈≈≈≈.≈≈♣.....)
.♣≈♣P......(≈≈≈≈.P≈≈≈.....
♣.c...@(.♣≈≈≈.≈≈≈♣.....
PP.$......≈≈≈≈.P≈≈♣.....
..........♣≈≈≈.PP≈♣.....
....Z......≈♣P.≈≈≈♣.....
....r##....♣♣≈.≈PP......
..... #....♣♣≈.≈P♣......
.... #..##♣ .... #..#


You could see Nessos, a wyvern zombie and a quokka.

Vanquished Creatures
  Rupert (D:12)
  A two-headed ogre (D:9)
  Sonja (D:12)
  2 unseen horrors
  A deep elf mage (D:11)
  2 ugly things
  2 oklob plants (D:11)
  A manticore (D:11)
  Psyche (D:11)
  A troll (D:12)
  A hippogriff (D:11)
  2 wyverns
  2 hungry ghosts
  Edmund (D:4)
  2 water moccasins
  4 orc warriors
  A black bear (D:8)
  A sky beast (D:6)
  A hornet zombie (D:7)
  5 ice beasts
  A phantom (D:8)
  A necrophage (D:9)
  3 ogres
  4 centaurs
  2 bullfrogs
  4 scorpions
  An electric eel (D:12)
  14 wights
  7 crimson imps
  3 howler monkeys (D:7)
  5 hounds
  2 orc priests
  A gnoll shaman (D:9)
  16 orc wizards
  4 bullfrog skeletons
  3 human zombies (D:11)
  2 iguanas
  Terence (D:2)
  5 worker ants
  An ogre zombie (D:11)
  An ogre skeleton (D:11)
  A hound skeleton (D:10)
  A mummy (D:11)
  13 gnolls
  15 adders
  3 shadow imps
  2 adder zombies (D:5)
  A worm (D:2)
  A leopard gecko (D:5)
  34 orcs
  10 bats
  7 giant cockroaches
  4 goblins
  8 hobgoblins
  7 jackals
  2 quokkas
  3 ball pythons
  7 frilled lizards
  9 kobolds
  An orc skeleton (D:11)
  A quokka skeleton (D:8)
  5 rats
249 creatures vanquished.

Vanquished Creatures (others)
  2 plants (D:12)
2 creatures vanquished.

Grand Total: 251 creatures vanquished

Notes
Turn   | Place    | Note
-------+----------+-------------------------------------------
     0 | D:1      | shmeve the Minotaur Berserker began the quest for the Orb.
     0 | D:1      | Reached XP level 1. HP: 19/19 MP: 0/0
   120 | D:1      | Reached XP level 2. HP: 17/27 MP: 1/1
   979 | D:1      | Reached skill level 1 in Throwing
  1147 | D:2      | Found a radiant altar of Vehumet.
  1262 | D:2      | Noticed Terence
  1277 | D:2      | Killed Terence
  1277 | D:2      | Reached XP level 3. HP: 4/33 MP: 2/2
  1636 | D:2      | Reached ** piety under Trog
  1699 | D:2      | Reached XP level 4. HP: 41/41 MP: 3/3
  1798 | D:2      | Found a burning altar of Makhleb.
  2366 | D:3      | Reached XP level 5. HP: 33/47 MP: 4/4
  3106 | D:4      | Reached skill level 5 in Axes
  3111 | D:4      | Reached skill level 5 in Fighting
  3289 | D:4      | Reached XP level 6. HP: 56/56 MP: 5/5
  3327 | D:4      | Reached *** piety under Trog
  3645 | D:4      | Found a staircase to the Ecumenical Temple.
  3838 | D:4      | Noticed Edmund
  3854 | D:4      | Killed Edmund
  3854 | D:4      | Reached XP level 7. HP: 55/62 MP: 6/6
  4174 | D:5      | Entered Level 5 of the Dungeon
  4470 | D:5      | Found Ujebbie's Book Shop.
  5155 | D:6      | Reached **** piety under Trog
  5155 | D:6      | Reached XP level 8. HP: 25/71 MP: 2/7
  5796 | D:6      | Reached skill level 5 in Armour
  6058 | D:6      | Found a bloodstained altar of Trog.
  6181 | D:6      | Found a stormy altar of Qazlal.
  6181 | D:6      | Found a shattered altar of Ashenzari.
  6184 | D:6      | Reached skill level 5 in Throwing
  6186 | D:6      | Found a shadowy altar of Dithmenos.
  6190 | D:6      | Found a hazy altar of Hepliaklqana.
  6191 | D:6      | Found an iron altar of Okawaru.
  6192 | D:6      | Found an opulent altar of Gozag.
  6194 | D:6      | Found a white marble altar of Elyvilon.
  6516 | D:7      | Reached XP level 9. HP: 81/81 MP: 8/8
  6607 | D:7      | Reached skill level 5 in Dodging
  7507 | D:7      | Found a glowing silver altar of Zin.
  7856 | D:8      | Received a gift from Trog
  8616 | D:9      | Got a pearl-encrusted chain mail
  8617 | D:9      | Identified the +2 chain mail of Inference {rC+ Dex-4 Stlth+} (You found it on level 9 of the Dungeon)
  8696 | D:9      | Noticed a two-headed ogre
  8709 | D:9      | Killed a two-headed ogre
  8709 | D:9      | Reached XP level 10. HP: 51/91 MP: 4/9
  9228 | D:9      | Reached ***** piety under Trog
  9499 | D:9      | Received a gift from Trog
  9784 | D:10     | Entered Level 10 of the Dungeon
  9939 | D:10     | Found Jiang's Antique Weapon Emporium.
 10171 | D:10     | Reached skill level 10 in Fighting
 10171 | D:10     | Reached skill level 10 in Axes
 10773 | D:11     | Noticed a manticore
 10776 | D:11     | Noticed a deep elf mage
 10779 | D:11     | Killed a manticore
 10802 | D:11     | Killed a deep elf mage
 10982 | D:11     | Noticed an oklob plant
 10984 | D:11     | Found a staircase to the Lair.
 10984 | D:11     | Noticed an oklob plant
 10991 | D:11     | Got a smelly scale mail
 11008 | D:11     | Identified the +1 scale mail of Atheism {rElec} (You found it on level 11 of the Dungeon)
 11021 | D:11     | Killed an oklob plant
 11104 | D:11     | Killed an oklob plant
 11229 | D:11     | Noticed a white ugly thing
 11244 | D:11     | Killed a white ugly thing
 11244 | D:11     | Reached XP level 11. HP: 86/101 MP: 10/10
 11339 | D:11     | Found an ancient bone altar of Kikubaaqudgha.
 11525 | D:11     | Killed an unseen horror
 11683 | D:12     | Noticed Psyche
 11685 | D:12     | Noticed Sonja
 11691 | D:12     | Killed Sonja
 11694 | D:11     | HP: 5/102 [wyvern (5)]
 11699 | D:11     | Killed Psyche
 12007 | D:12     | Noticed Rupert
 12008 | D:12     | Noticed a red ugly thing
 12020 | D:12     | Killed a red ugly thing
 12021 | D:12     | Killed Rupert
 12331 | D:12     | Killed an unseen horror
 12421 | D:12     | Noticed Nessos
 12427 | D:12     | HP: 3/104 [Nessos/arrow (8)]
 12427 | D:12     | HP: 1/104 [Nessos/arrow (2)]
 12428 | D:12     | Shot with an arrow by Nessos

Skill      XL: |  1  2  3  4  5  6  7  8  9 10 11 |
---------------+----------------------------------+-----
Throwing       | 1 2 3 4 5 7 8 9 |  9.5
Fighting       | 4 5 6 8 9 10 11 | 11.8
Axes           | 4 5 6 8 9 10 11 | 11.8
Armour         | 3 4 5 6 7 8 |  8.4
Dodging        | 3 4 6 7 |  7.6

Action                   |  1- 3 |  4- 6 |  7- 9 | 10-12 || total
-------------------------+-------+-------+-------+-------++-------
Melee: Hand axe          |    57 |   109 |   278 |   190 ||   634
       Headbutt          |    13 |    22 |    51 |    49 ||   135
       Battleaxe         |       |       |       |    36 ||    36
Throw: Tomahawk          |       |       |    46 |    37 ||    83
Invok: Berserk           |     1 |       |     3 |     2 ||     6
       Trog's Hand       |       |       |     2 |     2 ||     4
  Use: Scroll            |       |       |     5 |     4 ||     9
       Potion            |       |       |       |     4 ||     4
 Stab: Invisible         |       |       |       |     1 ||     1
  Eat: Ration            |     1 |       |     1 |     3 ||     5
       Chunk             |       |     6 |    16 |    11 ||    33
Armor: Animal skin       |     9 |    24 |       |       ||    33
       Scale mail        |       |    26 |   135 |   159 ||   320
Dodge: Dodged            |    44 |    86 |   162 |   133 ||   425
